 Dungeon Crawl Stone Soup version 0.26-a0-712-ga5a9c9c9d0 (webtiles) character file.

Game seed: 7492266677434011864

321 kae the Changer (level 6, -1/51 HPs)
             Began as a Naga Transmuter on Nov 4, 2020.
             Killed by divine providence
             ... invoked by an orc priest
              (14 damage)
             ... on level 3 of the Dungeon.
             The game lasted 00:01:53 (3079 turns).

kae the Changer (Naga Transmuter)                   Turns: 3079, Time: 00:01:53

Health: -1/51      AC:  2    Str: 14    XL:     6   Next: 46%
Magic:  5/10       EV: 19    Int: 13    God:
Gold:   106        SH:  0    Dex: 17    Spells: 6/10 levels left

rFire    . . .     SeeInvis +     - Unarmed
rCold    . . .     Faith    .   (shield currently unavailable)
rNeg     . . .     Spirit   .   (armour currently unavailable)
rPois    x         Reflect  .   (helmet currently unavailable)
rElec    .         Harm     .   (cloak currently unavailable)
rCorr    .         Rampage  .   (gloves currently unavailable)
MR       .....                  (no barding)
Stlth    ++........             (no amulet)
HPRegen  0.17/turn              (no ring)
MPRegen  0.12/turn              (no ring)

@: spider-form (expiring), very slightly contaminated
A: tiny, see invisible, spit poison 1, AC +2
a: Spit Poison, End Transformation


You were on level 3 of the Dungeon.
You were a venomous arachnid creature.
You visited 1 branch of the dungeon, and saw 3 of its levels.

You collected 106 gold pieces.

Inventory:

Armour
 a - a +0 robe (melded)
 f - a scarf of shadows (melded)
Scrolls
 b - 3 scrolls of teleportation {unknown}
 d - 2 scrolls of identify {unknown}
 g - a scroll of enchant armour {unknown}
 h - a scroll of random uselessness {unknown}
 j - 2 scrolls of amnesia {unknown}
Potions
 c - a potion of heal wounds {unknown}
 e - 4 potions of curing {unknown}
 i - a potion of invisibility {unknown}


   Skills:
 - Level 1.0 Fighting
 - Level 1.5 Dodging
 + Level 4.3 Unarmed Combat
 + Level 2.9 Spellcasting
 * Level 4.6 Transmutations
 - Level 3.0 Poison Magic


You had 6 spell levels left.
You knew the following spells:

 Your Spells              Type           Power        Failure   Level
a - Beastly Appendage     Tmut           ##....       12%         1
b - Spider Form           Tmut/Pois      ##........   32%         3

Your spell library contained the following spells:

 Spells                   Type           Power        Failure   Level
 Wereblood                Tmut           ##......     16%         2
 Ice Form                 Ice/Tmut       #.......     83%         4
 Blade Hands              Tmut           ##........   85%         5


Dungeon Overview and Level Annotations

Branches:
Dungeon (3/15)

Altars:
Qazlal
Trog
Beogh


Innate Abilities, Weirdness & Mutations

You cannot wear boots.
((Your serpentine skin is tough. (AC +2)))
You have supernaturally acute eyesight. (SInv)
((Armour fits poorly on your strangely shaped body.))
((Your system is resistant to poisons. (rPois)))
((You cover ground very slowly.))
You can spit poison.


Message History

The orc priest hits you.
The orc priest casts a cantrip, but nothing happens.
You hit the orc priest.
The orc priest looks as sick as possible!
The orc priest is moderately wounded.
The orc priest looks braver for a moment.
The orc priest misses you.
You bite the orc priest!
You kill the orc priest!
The orc priest completely misses you.
You hit the orc.
The orc is severely wounded.
Your transformation is almost over.
The orc priest calls down the wrath of Beogh upon you.
Beogh smites you!
* * * LOW HITPOINT WARNING * * *
The orc completely misses you. The orc misses you.
The orc priest calls down the wrath of Beogh upon you.
Beogh smites you!
You die...

#.# #.# #.# #####
#.###### ##._$##
......(. #$8.8.#
#(###### #.$.$$#
.....# #$8.8$#
#)###.# #o.o# #.#
.# ###s# #.###.#
##..o# .....#
#...## .##.##
#.#..#
.##.#########....#
.##.>......)...#.#
.#############.....
.# ###.### .# .#


You could see an orc priest and 2 orcs.

Vanquished Creatures
  Sigmund (D:2)
  An orc priest (D:3)
  4 adders (D:2)
  A worm (D:2)
  2 dart slugs
  2 leopard geckos
  8 orcs
  A ball python (D:2)
  6 giant cockroaches
  14 goblins
  7 hobgoblins
  4 jackals (D:3)
  9 kobolds
  A quokka (D:2)
  4 bats
  7 frilled lizards
  8 rats
80 creatures vanquished.

Vanquished Creatures (others)
  A plant (D:2)
1 creature vanquished.

Grand Total: 81 creatures vanquished

Notes
Turn   | Place    | Note
-------+----------+-------------------------------------------
     0 | D:1      | kae the Naga Transmuter began the quest for the Orb.
     0 | D:1      | Reached XP level 1. HP: 18/18 MP: 3/3
   215 | D:1      | Reached XP level 2. HP: 25/25 MP: 3/5
   826 | D:1      | Reached XP level 3. HP: 30/31 MP: 4/6
   831 | D:1      | Learned a level 3 spell: Spider Form
  1126 | D:2      | Found a stormy altar of Qazlal.
  1164 | D:2      | Reached skill level 1 in Poison Magic
  1315 | D:2      | Noticed Sigmund
  1324 | D:2      | Killed Sigmund
  1324 | D:2      | Reached XP level 4. HP: 38/38 MP: 3/7
  1324 | D:2      | Reached XP level 5. HP: 44/44 MP: 3/8
  1666 | D:2      | Reached XP level 6. HP: 49/51 MP: 6/10
  1782 | D:2      | Found a bloodstained altar of Trog.
  3070 | D:3      | Found a roughly hewn altar of Beogh.
  3079 | D:3      | Killed from afar by an orc priest

Illustrated notes

Levels and vault maps discovered:
D:1:      dpeg_arrival_morbid_curiosity, layout_basic, minmay_door_square
D:2:      layout_loops_ring, lemuel_coloured_pillars_altar, serial_bayou,
          serial_bayou_shore_b, serial_bayou_pond_c, serial_bayou_lagoon_a,
          serial_bayou_shore_b, serial_bayou_pond_b, trog_butcher_becter,
          uniq_sigmund
D:3:      layout_loops_ring, ebering_ghost_reflecting_pool, minmay_statues_item,
          kennysheep_orc_chapel

Skill      XL: |  1  2  3 |
---------------+----------+-----
Transmutations | 3 4 |  4.6
Poison Magic   | 3 |  3.0
Unarmed Combat | 4 |  4.3
Fighting       | |  1.0
Dodging        | |  1.5
Spellcasting   | |  2.9

Action                   |  1- 3 |  4- 6 || total
-------------------------+-------+-------++-------
Melee: Unarmed           |    41 |    90 ||   131
       Headbutt          |     5 |     2 ||     7
       Punch             |       |     1 ||     1
 Cast: Beastly Appendage |    17 |     3 ||    20
       Spider Form       |     1 |    21 ||    22
 Abil: Spit Poison       |    19 |    22 ||    41
Armor: Robe              |     5 |     7 ||    12
       Skin              |       |     4 ||     4
Dodge: Dodged            |    30 |    77 ||   107

Table legend: (Time is in decaauts)
 A = Elapsed time spent in this place.
 B = Non-inter-level travel time spent in this place.
 C = Inter-level travel time spent in this place.
 D = Time resting spent in this place.
 E = Time spent auto-exploring this place.
 F = Levels seen in this place.
 G = Mean time per level.
                   A        B        C        D        E       F      G
               +--------+--------+--------+--------+--------+-----+--------+
         Total |   3808 |   3718 |     90 |      2 |   3227 |   3 | 1269.3 |
       Dungeon |   3808 |   3718 |     90 |      2 |   3227 |   3 | 1269.3 |
               +--------+--------+--------+--------+--------+-----+--------+

Top non-repeatable levels by time:
     D:2: 1671 daAuts
     D:1: 1344 daAuts
     D:3: 792 daAuts
